 Dungeon Crawl Stone Soup version 0.27-a0-1200-g94dc6ad4cf (webtiles) character file.

Game seed: 1523111855298660607

6674 27snakeeyes612 the Blocker (level 11, -8/67 HPs)
             Began as a Gargoyle Fighter on May 31, 2021.
             Was an Elder of Okawaru.
             Killed from afar by a fire dragon (54 damage)
             ... with a blast of flame
             ... on level 9 of the Dungeon.
             The game lasted 00:16:23 (11302 turns).

27snakeeyes612 the Blocker (Gargoyle Fighter)      Turns: 11302, Time: 00:16:24

Health: -8/67      AC: 29    Str: 23    XL:     11   Next: 3%
Magic:  10/11      EV:  7    Int:  9    God:    Okawaru [****..]
Gold:   536        SH: 18    Dex: 15    Spells: 10/10 levels left

rFire    . . .     SeeInvis .   a - +1 flail (vorpal)
rCold    . . .     Faith    .   c - +0 kite shield
rNeg     + . .     Spirit   .   k - +0 plate armour
rPois    ∞         Reflect  +   j - +0 helmet
rElec    +         Harm     .   r - +1 cloak
rCorr    .         Rampage  .   l - +0 pair of gloves
Will     .....                  e - +2 pair of boots {Fly}
Stlth    ..........             x - amulet of reflection
HPRegen  0.21/turn              B - +6 ring of dexterity
MPRegen  0.12/turn              (no ring)

@: flying
A: sickness immunity, AC +8, negative energy resistance 1, electricity
resistance, torment resistance 1, petrification resistance
a: Renounce Religion, Heroism


You were on level 9 of the Dungeon.
You worshipped Okawaru.
Okawaru was greatly pleased with you.
You visited 2 branches of the dungeon, and saw 10 of its levels.
You also visited: Bailey.

You collected 536 gold pieces.

Inventory:

Hand Weapons
 a - a +1 vorpal flail (weapon)
 s - a +2 mace of draining
Missiles
 y - a throwing net (quivered)
Armour
 c - a +0 kite shield (worn)
 e - a +2 pair of boots of flying (worn)
 g - a +0 chain mail
 j - a +0 helmet (worn)
 k - a +0 plate armour (worn)
 l - a +0 pair of gloves (worn)
 r - a +1 cloak (worn)
Jewellery
 p - an amulet of guardian spirit
 t - an amulet of the acrobat
 x - an amulet of reflection (around neck)
 z - a ring of magical power
 B - a +6 ring of dexterity (left hand)
Wands
 h - a wand of flame (13)
Scrolls
 b - 2 scrolls of enchant weapon
 f - 2 scrolls of fear
 i - 2 scrolls of teleportation
 n - a scroll of amnesia
Potions
 d - 2 potions of might
 m - 2 potions of brilliance {unknown}
 o - 2 potions of attraction
 q - a potion of degeneration {unknown}
 u - a potion of mutation
 v - 5 potions of haste
 w - 4 potions of curing
 A - a potion of resistance


   Skills:
 + Level 7.0 Fighting
 + Level 9.8 Maces & Flails
 + Level 7.5 Armour
 + Level 2.2 Dodging
 + Level 1.0 Stealth
 + Level 10.7 Shields
 + Level 2.7 Evocations


You had 10 spell levels left.
You didn't know any spells.
Your spell library contained the following spells:

 Spells                   Type           Power      Damage    Failure   Level
 Corona                   Hex            0%         N/A       100%        1
 Slow                     Hex            0%         N/A       100%        2
 Confusing Touch          Hex            0%         N/A       100%        3
 Gell's Gravitas          Tloc           0%         N/A       100%        3
 Inner Flame              Hex/Fire       0%         N/A       100%        3
 Portal Projectile        Hex/Tloc       0%         N/A       100%        3
 Cause Fear               Hex            0%         N/A       100%        4
 Leda's Liquefaction      Hex/Erth       0%         N/A       100%        4
 Petrify                  Tmut/Erth      0%         N/A       100%        4
 Bolt of Magma            Conj/Fire/Erth 0%         4d4       100%        5
 Iskenderun's Battlesphe  Conj           0%         2d6       100%        5
 Metabolic Englaciation   Hex/Ice        0%         N/A       100%        5
 Yara's Violent Unravell  Hex/Tmut       0%         3d3       100%        5
 Iron Shot                Conj/Erth      0%         9d1       100%        6
 Orb of Destruction       Conj           0%         N/A       100%        7
 Spellforged Servitor     Conj/Summ      0%         N/A       100%        7


Dungeon Overview and Level Annotations

Branches:
Dungeon (9/15)             Temple (1/1) D:6          Bailey (visited)
   Lair: D:8-11         Orc: D:9-12

Altars:
Cheibriados
Dithmenos
Elyvilon
Gozag
Hepliaklqana
Makhleb
Okawaru
Trog
Wu Jian
Yredelemnul
The Shining One

Shops:
D:3 *[(

Annotations:
D:9 2 runed translucent doors


Innate Abilities, Weirdness & Mutations

You are immune to sickness and miasma.
Your stone body is resilient. (AC +8)
You are immune to poison.
You resist negative energy. (rN+)
You are resistant to electric shocks. (rElec)
You are resistant to unholy torment.
You are immune to petrification.


Message History

The death knight barely misses you.
You sock the death knight!
The death knight is moderately wounded.
You block the death knight's attack.
You hit the death knight but do no damage.
The death knight is moderately wounded.
The death knight hits you with a +0 battleaxe!
You barely miss the death knight.
The death knight is moderately wounded.
You sock the death knight!
The death knight is moderately wounded.
You block the death knight's attack.
You sock the death knight!
The death knight is heavily wounded.
A fire dragon comes into view.
The death knight offers itself to Yredelemnul, and fills with unholy energy.
You closely miss the death knight.
The death knight is heavily wounded.
You closely miss the death knight.
The death knight is heavily wounded.
You block the death knight's attack.
You hit the death knight but do no damage.
The death knight is heavily wounded.
The death knight drinks a potion.
The death knight is healed!
You hit the death knight but do no damage.
The death knight is lightly wounded.
You sock the death knight!
The death knight is moderately wounded.
The death knight reflects your damage back at you!
You block the death knight's attack.
You closely miss the death knight.
The death knight is moderately wounded.
The death knight hits you with a +0 battleaxe.
You feel like a meek peon again.
A centaur zombie comes into view.
The death knight's dark mirror aura disappears.
The fire dragon breathes flames at you. The blast of flame hits you!!!
Ouch! That really hurt!
You die...

.............#
..............#
##.............#
##.............#
##+##.#.......# c
#..Z#.#.......### ..#
#.QY#.....Z.....# ..$(
##+##......#.##.##
#$)[.#.).....p@.#.##..## ###
#(($...................#....
............D.####..)........
#.#..........####...<).......
#...........................
#............####............
.#....#.....## #............
.....#.....# #............
....#####..# ##....<......


You could see a fire dragon (catching breath), a death knight and a centaur
zombie.

Vanquished Creatures
  A centaur warrior (D:9)
  Joseph (D:7)
  Grinder (D:3)
  A wraith (D:8)
  A wyvern (D:7)
  A water moccasin (D:5)
  13 orc warriors
  3 black bears
  A boggart (D:9)
  6 necrophages
  11 centaurs
  2 ogres
  A gnoll sergeant (D:8)
  3 bullfrogs (D:8)
  A scorpion (D:5)
  A water moccasin zombie (D:5)
  2 wyvern skeletons (D:7)
  A water moccasin skeleton (D:3)
  9 wights
  2 centaur zombies (D:7)
  4 orc priests
  Crazy Yiuf (D:2)
  A bullfrog zombie (D:5)
  A gnoll shaman (D:5)
  A bullfrog skeleton (D:7)
  3 hounds
  2 jellies
  Jessica (D:3)
  2 iguanas
  7 orc wizards
  A killer bee zombie (D:7)
  A hound skeleton (D:5)
  2 howler monkey zombies (D:7)
  Robin (D:2)
  13 gnolls
  4 adders
  2 shadow imps
  A white imp (D:6)
  2 ufetubi
  2 adder skeletons
  4 worms
  A dart slug (D:1)
  49 orcs
  A bat (D:2)
  8 endoplasms
  12 giant cockroaches
  18 goblins
  10 hobgoblins
  7 jackals
  4 kobolds
  A quokka (D:2)
  3 ball pythons (D:1)
  2 frilled lizards
  3 rats
237 creatures vanquished.

Vanquished Creatures (others)
  A withered plant (D:7)
1 creature vanquished.

Grand Total: 238 creatures vanquished

Notes
Turn   | Place    | Note
-------+----------+-------------------------------------------
     0 | D:1      | 27snakeeyes612 the Gargoyle Fighter began the quest for the
                  | Orb.
     0 | D:1      | Reached XP level 1. HP: 14/14 MP: 1/1
    65 | D:1      | Reached XP level 2. HP: 19/19 MP: 2/2
   585 | D:1      | Found a faded altar of an unknown god.
  1125 | D:1      | Reached XP level 3. HP: 23/23 MP: 3/3
  1717 | D:2      | Reached XP level 4. HP: 23/29 MP: 4/4
  1821 | D:2      | Noticed Robin
  1836 | D:2      | Reached skill level 4 in Shields
  2109 | D:2      | Killed Robin
  2196 | D:2      | Found a runed translucent door.
  2197 | D:2      | Noticed Crazy Yiuf
  2724 | D:2      | Found an opulent altar of Gozag.
  2925 | D:2      | Killed Crazy Yiuf
  2926 | D:2      | Reached XP level 5. HP: 22/33 MP: 5/5
  3210 | D:3      | Reached XP level 6. HP: 22/38 MP: 6/6
  3361 | D:3      | Found Ypauveust's Assorted Antiques.
  3380 | D:3      | Found Moxammui's Antique Armour Shoppe.
  3404 | D:3      | Noticed Jessica
  3418 | D:3      | Killed Jessica
  3491 | D:3      | Noticed Grinder
  3500 | D:3      | Killed Grinder
  3501 | D:3      | Reached skill level 5 in Shields
  3501 | D:3      | Reached XP level 7. HP: 44/44 MP: 7/7
  3632 | D:3      | Found Domunien's Weapon Emporium.
  4360 | D:3      | Reached skill level 5 in Maces & Flails
  4370 | D:3      | Reached skill level 1 in Evocations
  4761 | D:4      | Reached skill level 1 in Stealth
  4988 | D:4      | Found a hazy altar of Hepliaklqana.
  5035 | D:5      | Entered Level 5 of the Dungeon
  5126 | D:5      | Reached skill level 1 in Dodging
  5126 | D:5      | Reached XP level 8. HP: 48/48 MP: 8/8
  5149 | D:5      | Found a bloodstained altar of Trog.
  5492 | D:5      | Reached skill level 5 in Fighting
  5500 | D:5      | Reached skill level 5 in Armour
  5513 | D:5      | Reached skill level 6 in Shields
  5935 | D:6      | Found a glowing golden altar of the Shining One.
  5941 | D:6      | Found a basalt altar of Yredelemnul.
  5947 | D:6      | Noticed a profane servitor
  6000 | D:6      | Noticed an angel
  6206 | D:5      | Reached XP level 9. HP: 44/54 MP: 9/9
  6472 | D:5      | Reached skill level 7 in Shields
  6580 | D:6      | Found a staircase to the Ecumenical Temple.
  6591 | Temple   | Entered the Ecumenical Temple
  6660 | Temple   | Became a worshipper of Warmaster Okawaru
  7056 | D:7      | Found a flagged portal.
  7108 | Bailey   | Entered a bailey
  7550 | Bailey   | Reached * piety under Okawaru
  7975 | Bailey   | Reached skill level 8 in Shields
  7976 | Bailey   | HP: 1/55 [orc warrior/+0 glaive (9)]
  8646 | Bailey   | Reached ** piety under Okawaru
  8796 | Bailey   | Reached XP level 10. HP: 51/60 MP: 10/10
  8861 | Bailey   | Reached skill level 9 in Shields
  9511 | D:7      | Noticed Joseph
  9528 | D:7      | Killed Joseph
  9528 | D:7      | Reached *** piety under Okawaru
 10334 | D:8      | Reached skill level 10 in Shields
 11250 | D:9      | Found a runed translucent door.
 11253 | D:9      | Noticed a catoblepas
 11254 | D:9      | Found a runed translucent door.
 11263 | D:9      | Noticed a centaur warrior
 11276 | D:9      | Noticed a death knight
 11284 | D:9      | Killed a centaur warrior
 11284 | D:9      | Reached **** piety under Okawaru
 11285 | D:9      | Reached XP level 11. HP: 59/67 MP: 11/11
 11290 | D:9      | Noticed a fire dragon
 11302 | D:9      | Killed from afar by a fire dragon

Illustrated notes

Levels and vault maps discovered:
D:1:      lightli_arrival_boilingwater, layout_loops_corners,
          hellmonk_ecumenical_altar_heavens_door, minmay_misc_feat_plants,
          minmay_tromino_v2
D:2:      minmay_roachtagon, layout_loops_ring, basic_altar,
          uniq_crazy_yiuf_cottage, uniq_robin
D:3:      layout_basic, serial_shops, nicolae_shop_waterfront,
          nicolae_shop_competitors_out_of_business, shop_fountains,
          uniq_jessica, uniq_grinder
D:4:      layout_basic, nicolae_overflow_hidden_temple
D:5:      layout_basic, old_standard_altar, nrook_campfire,
          minmay_a_box_with_orc_wizards_in_it
D:6:      layout_rooms, grunt_temple_overflow_holy_war,
          minmay_temple_entry_waves, kennysheep_generic_room_7
D:7:      layout_basic, enter_bailey_5, serial_undead, serial_undead_f,
          serial_undead_d, serial_undead_c, serial_undead_f, uniq_joseph
D:8:      layout_rooms, minmay_crystal_water
D:9:      minmay_the_grid_four_pointed_star_mashed
          [minmay_the_grid_triangle_9x9_impossible_snake,
          minmay_the_grid_triangle_9x9_alien,
          minmay_the_grid_triangle_9x9_limited_checkers,
          minmay_the_grid_triangle_9x9_tough_junction,
          minmay_the_grid_prize_big_room], layout_rooms,
          grunt_temple_overflow_gold_and_silver, serial_rivers,
          chequers_serial_rivers_micro_a, chequers_serial_rivers_micro_c,
          chequers_serial_rivers_large_a, chequers_serial_rivers_micro_b,
          chequers_serial_rivers_small_b, chequers_serial_rivers_small_3,
          interstate_on_off
Temple:   minmay_temple_curvy_loop

Skill      XL: |  1  2  3  4  5  6  7  8  9 10 |
---------------+-------------------------------+-----
Shields        | 4 5 6 8 10 | 10.7
Maces & Flails | 3 4 6 7 8 9 |  9.8
Armour         | 4 5 6 7 |  7.5
Fighting       | 4 5 7 |  7.0
Evocations     | 1 2 |  2.7
Stealth        | 1 |  1.0
Dodging        | 1 2 |  2.2

Action                   |  1- 3 |  4- 6 |  7- 9 | 10-12 || total
-------------------------+-------+-------+-------+-------++-------
Melee: Flail             |   106 |   130 |       |   284 ||   520
       Mace              |       |    84 |   409 |    29 ||   522
Throw: Throwing net      |       |       |     1 |       ||     1
Invok: Heroism           |       |       |       |     1 ||     1
Evoke: Wand              |       |     7 |    22 |       ||    29
  Use: Scroll            |       |       |    14 |     3 ||    17
       Potion            |       |       |     1 |       ||     1
Armor: Scale mail        |    23 |       |       |       ||    23
       Chain mail        |    37 |   144 |   270 |    46 ||   497
       Plate armour      |       |       |       |   105 ||   105
Dodge: Dodged            |    31 |    45 |   117 |    75 ||   268
Block: Kite shield       |    67 |   127 |   495 |   338 ||  1027
       Reflection        |       |       |     6 |     7 ||    13

Table legend: (Time is in decaauts)
 A = Elapsed time spent in this place.
 B = Non-inter-level travel time spent in this place.
 C = Inter-level travel time spent in this place.
 D = Time resting spent in this place.
 E = Time spent auto-exploring this place.
 F = Levels seen in this place.
 G = Mean time per level.
                   A        B        C        D        E       F      G
               +--------+--------+--------+--------+--------+-----+--------+
         Total |  11590 |  11272 |    318 |   1583 |   5708 |  11 | 1053.6 |
       Dungeon |   9271 |   9000 |    271 |   1086 |   5503 |   9 | 1030.1 |
        Temple |    117 |     70 |     47 |      0 |     61 |   1 |  117.0 |
        Bailey |   2201 |   2201 |      0 |    497 |    144 |   1 | 2201.0 |
               +--------+--------+--------+--------+--------+-----+--------+

Top non-repeatable levels by time:
  Bailey: 2201 daAuts
     D:1: 1970 daAuts
     D:3: 1419 daAuts
     D:5: 1299 daAuts
     D:2: 1167 daAuts
     D:8: 1011 daAuts
     D:7: 961 daAuts
     D:4: 676 daAuts
     D:6: 617 daAuts
     D:9: 146 daAuts
  Temple: 117 daAuts
